 Dungeon Crawl Stone Soup version 0.31-a0-948-gf5be29c462 (webtiles) character file.

Game seed: 7395875814611977691

392 BinkBink the Trooper (level 6, -1/57 HPs)
             Began as a Minotaur Berserker on Oct 21, 2023.
             Was a Priest of Trog.
             Slain by an ogre
             ... wielding a +0 giant club
              (31 damage)
             ... on level 4 of the Dungeon.
             The game lasted 00:03:54 (3415 turns).

BinkBink the Trooper (Minotaur Berserker)           Turns: 3415, Time: 00:03:55

Health: -1/57      AC:  3    Str: 21    XL:     6   Next: 51%
Magic:  5/5        EV: 13    Int: 10    God:    Trog [***...]
Gold:   223        SH:  0    Dex: 18    Spells: 5/5 levels left

rFire   . . .        a - +0 hand axe
rCold   . . .        (no shield)
rNeg    . . .        b - +0 animal skin
rPois   .            (helmet restricted)
rElec   .            j - +0 cloak
rCorr   .            (no gloves)
SInv    .            (no boots)
Will    .....        (no amulet)
Stlth   ++           o - +6 ring of dexterity
HPRegen 0.29/turn    t - +6 ring of intelligence
MPRegen 0.09/turn

%: no passive effects
@: no status effects
A: horns 2, retaliatory headbutt
a: Renounce Religion, Berserk, Trog's Hand


You were on level 4 of the Dungeon.
You worshipped Trog.
Trog was most pleased with you.
You visited 1 branch of the dungeon, and saw 4 of its levels.

You collected 223 gold pieces.

Inventory:

Hand Weapons
 a - a +0 hand axe (weapon)
Armour
 b - a +0 animal skin (worn)
 f - a scarf of harm
 j - a +0 cloak (worn)
Jewellery
 o - a +6 ring of dexterity (left hand)
 r - an amulet of magic regeneration
 t - a +6 ring of intelligence (right hand)
Wands
 i - a wand of quicksilver (11)
 q - a wand of iceblast (5)
Scrolls
 d - 3 scrolls of identify {unknown}
 e - a scroll of vulnerability {unknown}
 g - a scroll of teleportation {unknown}
 k - a scroll of fog {unknown}
 m - 4 scrolls of immolation {unknown}
 s - a scroll of noise {unknown}
Potions
 c - 2 potions of curing
 h - a potion of attraction {unknown}
 l - a potion of might {unknown}
 n - a potion of mutation {unknown}
 p - 3 potions of enlightenment {unknown}


   Skills:
 * Level 6.0 Fighting
 * Level 5.9 Axes
 + Level 3.9 Armour
 + Level 3.6 Dodging


You had 5 spell levels left.
You didn't know any spells.
Your spell library was empty.

Dungeon Overview and Level Annotations

Branches:
Dungeon (4/15)
 Temple: D:4-7

Altars:
Elyvilon
Hepliaklqana
Yredelemnul

Annotations:
D:2 1 runed translucent door, Crazy Yiuf


Innate Abilities, Weirdness & Mutations

You have a pair of horns on your head.
You reflexively headbutt those who attack you in melee.


Message History

You are too injured to fight recklessly!
You are too injured to fight recklessly!
You are too injured to fight recklessly!
Unknown command.
You are too injured to fight recklessly!
You hit the gnoll.
The gnoll is lightly wounded.
The gnoll closely misses you. You furiously retaliate!
You headbutt the gnoll. You hit the gnoll.
You kill the gnoll!
Trog accepts your kill.
Things that are here:
a +0 spear; 8 stones You start resting.
HP restored.
You start waiting.
Done waiting.
Things that are here:
a +0 whip; an orc skeleton
Items here: )) [ รท.
An ogre comes into view. It is wielding a +0 giant club.
An ogre is nearby!
An ogre is nearby!
An ogre is nearby!
You see here 2 glowing cyan potions.
The ogre shouts!
No target in view!
You hit the ogre. You headbutt the ogre.
The ogre is moderately wounded.
The ogre misses you.
You hit the ogre. Your headbutt misses the ogre.
The ogre is moderately wounded.
The ogre hits you with a +0 giant club!!
You hit the ogre.
The ogre is moderately wounded.
You barely miss the ogre. Your headbutt misses the ogre.
The ogre is moderately wounded.
The ogre hits you with a +0 giant club!!
Ouch! That really hurt!
You die...

#.##.).)............
.##..##...............#
...................####
..#..........#......#
..###........#.....##
...###....##.##....##
......#......##..##
.....#.!#..#..#
...?...@#### ..
......O## .......
##..... #.##.. ## ##.
##


You could see an ogre.

Vanquished Creatures
  A scorpion (D:4)
  2 hounds
  2 orc priests
  7 adders
  6 gnolls
  A worm (D:2)
  A dart slug (D:1)
  7 orcs
  10 ball pythons
  5 bats
  6 endoplasms
  A giant cockroach (D:3)
  9 goblins
  8 hobgoblins
  5 jackals (D:3)
  6 kobolds
  5 quokkas
  3 frilled lizards
  3 rats
88 creatures vanquished.

Vanquished Creatures (others)
  An orc (D:3)
1 creature vanquished.

Grand Total: 89 creatures vanquished

Notes
Turn   | Place    | Note
-------+----------+-------------------------------------------
     0 | D:1      | BinkBink the Minotaur Berserker began the quest for the
                  | Orb.
     0 | D:1      | Reached XP level 1. HP: 19/19 MP: 0/0
   129 | D:1      | Found a faded altar of an unknown god.
   307 | D:1      | Reached XP level 2. HP: 27/27 MP: 1/1
   361 | D:1      | Reached skill level 4 in Fighting
   634 | D:2      | Found a runed translucent door.
   635 | D:2      | Noticed Crazy Yiuf
   746 | D:2      | Reached XP level 3. HP: 25/33 MP: 2/2
  1220 | D:2      | Reached ** piety under Trog
  1469 | D:3      | Reached XP level 4. HP: 24/41 MP: 3/3
  1693 | D:3      | Found a hazy altar of Hepliaklqana.
  2242 | D:3      | Reached skill level 5 in Fighting
  2307 | D:3      | Reached skill level 5 in Axes
  2307 | D:3      | Reached XP level 5. HP: 37/48 MP: 4/4
  2717 | D:3      | Found a white marble altar of Elyvilon.
  2784 | D:3      | Found a basalt altar of Yredelemnul.
  3129 | D:4      | Reached *** piety under Trog
  3171 | D:4      | Reached XP level 6. HP: 57/57 MP: 5/5
  3198 | D:4      | Reached skill level 6 in Fighting
  3415 | D:4      | Slain by an ogre

Illustrated notes

Levels and vault maps discovered:
D:1:      orjb1_lava_funnel, layout_basic,
          hellmonk_ecumenical_altar_arch_garden, minmay_quantized
D:2:      layout_basic, kennysheep_minor_cross, uniq_crazy_yiuf_cottage
D:3:      wad_woods_tower, layout_rooms, kennysheep_ying_yang,
          nzn_hepliaklqana_mist_gate, st_stairs_5
D:4:      layout_cave_pools, uniq_robin

Skill      XL: |  1  2  3  4  5  6 |
---------------+-------------------+-----
Fighting       | 4 5 6 |  6.0
Axes           | 4 5 |  5.9
Armour         | 3 |  3.9
Dodging        | 3 |  3.6

Action                     |  1- 3 |  4- 6 || total
---------------------------+-------+-------++-------
  Melee: Hand axe          |    67 |   146 ||   213
         Headbutt          |     9 |    19 ||    28
         Punch             |       |     1 ||     1
    Use: Potion            |     1 |       ||     1
   Stab: Sleeping          |     1 |     1 ||     2
 Armour: Animal skin       |    32 |    86 ||   118
  Dodge: Dodged            |    52 |    91 ||   143

Table legend: (Time is in decaauts)
 A = Elapsed time spent in this place.
 B = Non-inter-level travel time spent in this place.
 C = Inter-level travel time spent in this place.
 D = Time resting spent in this place.
 E = Time spent auto-exploring this place.
 F = Levels seen in this place.
 G = Mean time per level.
                   A        B        C        D        E       F      G
               +--------+--------+--------+--------+--------+-----+--------+
         Total |   3428 |   3278 |    150 |    403 |   2320 |   4 |  857.0 |
       Dungeon |   3428 |   3278 |    150 |    403 |   2320 |   4 |  857.0 |
               +--------+--------+--------+--------+--------+-----+--------+

Top non-repeatable levels by time:
     D:2: 1374 daAuts
     D:3: 1071 daAuts
     D:1: 515 daAuts
     D:4: 467 daAuts
